[Event "*** Titled Tuesday 3|2 Blitz"]
[Site "Chess.com"]
[Date "2016.09.06"]
[Round "4"]
[White "ZapataCharlesS"]
[Black "jk13"]
[Result "1/2-1/2"]
[WhiteElo "2577"]
[BlackElo "2498"]
[TimeControl "180+2"]
[EndTime "17:46:08 PDT"]
[Termination "Game drawn by repetition"]

1. e4 e5 2. Nf3 Nc6 3. d4 exd4 4.
Bc4 d6 5. Nxd4 Nf6 6. Nxc6 bxc6 7. e5 Ng4 8. e6 Nxf2 9. exf7+ Kd7 10. Qe2 d5 11. Qxf2 dxc4 12. O-O Qf6 13. Rd1+ Bd6 14.
Qxf6 gxf6 15. Bh6 Ba6 16. Nc3 Ke6 17. Bg7 Kxf7 18. Bxh8 Rxh8 19. Ne4 Be5 20. c3 Bc8 21. Rf1 Kg6 22. Rae1 Bf5 23. h3 h5 24. Rf2 Rd8 25.
Rd2 Rd5 26. Rde2 h4 27. a3 a5 28. Nf2 Bg3 29. Re8 Rd2 30. R1e2 Rd5 31. a4 Bb1 32. Rg8+ Kf7 33. Ra8 Bd3 34. Ree8 Rf5 35. Rf8+ Kg7 36.
Rg8+ Kf7 37. Raf8+ Ke6 38. Re8+ Kf7 39. Nxd3 cxd3 40.
Rgf8+ Kg7 41. Rg8+ Kf7 42. Rgf8+ Kg7 43. Rg8+ Kf7 44.
Rgf8+ Kg7 45. Rg8+ 1/2-1/2

[Event "*** Titled Tuesday 3|2 Blitz"]
[Site "Chess.com"]
[Date "2016.09.06"]
[Round "4"]
[White "Salem-AR"]
[Black "gmjoey1"]
[Result "0-1"]
[WhiteElo "2656"]
[BlackElo "2522"]
[TimeControl "180+2"]
[EndTime "17:46:27 PDT"]
[Termination "gmjoey1 won by checkmate"]

1. d4 Nf6 2. c4 c5 3. d5 e6 4. Nc3 exd5 5. cxd5 d6 6. e4 a6 7. f4 Bg4 8. Nf3 Bxf3 9. Qxf3 Nbd7 10. Bd3 g6 11. O-O Bg7 12. Bd2 O-O 13. Rae1 Re8 14. a4 Qc7 15. Kh1 Rab8 16. g4 c4 17. Bc2 b5 18. axb5 axb5 19. g5 Nh5 20. e5 dxe5 21. f5 e4 22. Nxe4 Ne5 23. Qg2 Nd3 24. Bxd3 cxd3 25. Bc3 Bxc3 26. bxc3 Rbd8 27. Qf3 Qd7 28.
fxg6 hxg6 29. d6 d2 30. Nxd2 Rxe1 31. Rxe1 Qxd6 32. Ne4 Qd5 33. Kg2 Kg7 34. Re2 Re8 35. Kf2 Re5 36. Qe3 Rf5+ 37. Ke1 Nf4 38. Rd2 Qe5 39. h4 Ne6 40. Kd1 Rf4 41. Re2 Qf5 42. c4 b4 43. Kc2 Rf3 44. Qd2 Qe5 45. Nf6 Nd4+ 46. Kd1 Nxe2 47. Qd8 Rf1+ 48. Kd2 Qc3+ 49.
Kxe2 Re1+ 50. Kf2 Qe3+ 51. Kg2 Rg1+ 52. Kh2 Qg3# 0-1

[Event "*** Titled Tuesday 3|2 Blitz"]
[Site "Chess.com"]
[Date "2016.09.06"]
[Round "4"]
[White "GianmarcoVaR"]
[Black "ShimanovAlex"]
[Result "0-1"]
[WhiteElo "2416"]
[BlackElo "2552"]
[TimeControl "180+2"]
[EndTime "17:46:28 PDT"]
[Termination "ShimanovAlex won on time"]

1. d4 d5 2. f3 c5 3. c3 e6 4. f4 Nf6 5. e3 b6 6. Nf3 Be7 7.
Bd3 O-O 8. Qe2 a5 9. a4 Ba6 10. O-O Bxd3 11. Qxd3 Ne4 12. Nbd2 f5 13. Qb5 Nd6 14. Qe2 Nc6 15. Ne5 Nxe5 16. fxe5 Ne4 17. Nxe4 fxe4 18. Bd2 Qd7 19. Rxf8+ Rxf8 20. Be1 c4 21.
Bg3 b5 22. axb5 Qxb5 23. Qg4 Rf5 24. Rf1 g6 25. Rxf5 exf5 26. Qe2 Kf7 27. h3 a4 28.
Be1 Ke6 29. g4 Bg5 30. h4 Bh6 31. Kf1 Qe8 32. Qd1 Bxe3 33. Bd2 Bxd2 34. Qxd2 fxg4 35. Qg5 Qf7+ 36. Ke1 h5 37. Qd8 Kf5 38. Qg5+ Ke6 39. Qd8 g3 40. Qc8+ Qd7 41. Qa6+ Kf5 42. Qf6+ Kg4 43. e6 Qd6 44. Qg5+ Kh3 45. e7 Qe6 46. Kf1 e3 47. Ke2 g2 48. Kf3 Qg4+ 49. Qxg4+ hxg4+ 50.
Kf4 g1=Q 51. e8=Q Qf2+ 52. Kg5 e2 0-1

[Event "*** Titled Tuesday 3|2 Blitz"]
[Site "Chess.com"]
[Date "2016.09.06"]
[Round "4"]
[White "Viaje"]
[Black "Goala"]
[Result "1-0"]
[WhiteElo "2201"]
[BlackElo "2138"]
[TimeControl "180+2"]
[EndTime "17:46:32 PDT"]
[Termination "Viaje won by resignation"]

1. d4 e6 2. e4 Nf6 3. e5 Ng8 4. c4 Ne7 5. Nc3 d5 6. Nf3 dxc4 7. Bxc4 Nd7 8. O-O Nb6 9. Bb3 Ned5 10. Ne4 Be7 11. a3 O-O 12. Bc2 Bd7 13. Bg5 Rc8 14. Qd3 g6 15. b4 a6 16. Bh6 Bb5 17. Qd2 Bxf1 18. Rxf1 Nc4 19. Qd3 Ncb6 20. Nfg5 a5 21. bxa5 Nd7 22. Qh3 Nf4 23. Qh4 Ne2+ 24. Kh1 Re8 25.
Rd1 c5 26. d5 Nd4 27. dxe6 fxe6 28. Ba4 Nxe5 29. Bg7 h5 30. Bxe5 Nf5 31. Qf4 Bxg5 32.
Nxg5 Qe7 33. Rd7 Qf8 34. Nh7 Qh6 35. Nf6+ Kf8 36. Bd6+ Re7 37. Bxe7+ Kg7 38. Bd8+ Kf8 39. Qxh6+ Nxh6 40. h3 c4 41. Bc2 Nf7 42. Be7+ Kg7 43. Ne4 Rc6 44. Bf6+ Kf8 45. Ng5 Nxg5 46. Bxg5 Rc5 47.
Bf6 Rxa5 48. Bxg6 Ra8 49. Rf7+ Kg8 50. Rh7 1-0

[Event "*** Titled Tuesday 3|2 Blitz"]
[Site "Chess.com"]
[Date "2016.09.06"]
[Round "4"]
[White "Ksenia_Legenko"]
[Black "akinov-akinseye"]
[Result "1-0"]
[WhiteElo "2020"]
[BlackElo "2025"]
[TimeControl "180+2"]
[EndTime "17:46:35 PDT"]
[Termination "Ksenia_Legenko won by checkmate"]

1. d4 d5 2. c4 dxc4 3. Nf3 Nf6 4. g3 Nc6 5. Bg2 Bg4 6. Qa4 e6 7. Ne5 Bb4+ 8. Nc3 Qxd4 9. Bxc6+ bxc6 10. Qxc6+ Ke7 11. Qxc7+ Nd7 12. Nc6+ Kf6 13. Nxd4 Ne5 14. Bf4 Ng6 15. O-O Bxc3 16. bxc3 Rhc8 17. Qd7 Rd8 18. Qb7 Rac8 19. Nc6 Re8 20. Be3 Bxe2 21. Bd4+ e5 22. Nxe5 Nxe5 23. Rfe1 Bg4 24. Bxe5+ Rxe5 25. Rxe5 Kxe5 26.
Re1+ Kf6 27. f3 Bf5 28. g4 Re8 29. Rxe8 Be6 30. Rxe6+ fxe6 31. Qxa7 h6 32. Qd4+ e5 33. Qxc4 Kg5 34. a4 g6 35. a5 h5 36. gxh5 gxh5 37. a6 h4 38. a7 h3 39. a8=R e4 40. Qxe4 Kh5 41. Ra5+ Kh6 42. Qe6+ Kg7 43. Ra7+ Kf8 44.
Qf7# 1-0

[Event "*** Titled Tuesday 3|2 Blitz"]
[Site "Chess.com"]
[Date "2016.09.06"]
[Round "4"]
[White "rithwik2002"]
[Black "NTBT_DHS"]
[Result "1-0"]
[WhiteElo "1931"]
[BlackElo "2514"]
[TimeControl "180+2"]
[EndTime "17:46:36 PDT"]
[Termination "rithwik2002 won by resignation"]

1. d4 Nf6 2. Bf4 g6 3. Nc3 Bg7 4.
Qd2 d6 5. Bh6 Bxh6 6. Qxh6 c5 7.
dxc5 dxc5 8. e4 Nc6 9. Nf3 Nd4 10. O-O-O Qb6 11. e5 Ng4 12. Qg7 Rf8 13. Nxd4 cxd4 14.
Bb5+ Bd7 15. Bxd7+ Kxd7 16. Rxd4+ Qxd4 17. e6+ Kxe6 18. Qxd4 f5 19. h3 Nf6 20. Re1+ Kf7 21. Nd5 Ng8 22. Qe5 Rad8 23. Nxe7 Rfe8 24. Qe6+ Kg7 25. Nxf5+ Kf8 26. Qxe8+ Rxe8 27. Rxe8+ Kxe8 28. Nd6+ Kd7 29. Nxb7 Nf6 30. Nc5+ Kc6 31. Nd3 a5 32. Kd2 Kd5 33. a3 g5 34. b4 axb4 35. axb4 Kc4 36. f3 h5 37. Ke3 Kd5 38. Nf2 Ke5 39. Ne4 Nd5+ 40. Kf2 g4 41. b5 gxh3 42. gxh3 h4 43. c4 Nf4 44. b6 Nxh3+ 45. Kf1 Kf4 46. b7 Kxf3 47. b8=Q Nf4 48. Qb7 h3 49. Nf2+ Ke3 50. Nxh3 Nxh3 51. Qe7+ Kf3 52. c5 Nf4 53. c6 Nd5 54.
Qf7+ Ke4 55. Qxd5+ Kxd5 56. c7 1-0

[Event "*** Titled Tuesday 3|2 Blitz"]
[Site "Chess.com"]
[Date "2016.09.06"]
[Round "4"]
[White "FairChess_on_YouTube"]
[Black "DeviatkinAndrey"]
[Result "1-0"]
[WhiteElo "2698"]
[BlackElo "2588"]
[TimeControl "180+2"]
[EndTime "17:47:02 PDT"]
[Termination "FairChess_on_YouTube won by resignation"]

1. d4 d5 2. c4 c6 3. Nc3 Nf6 4. Nf3 dxc4 5. g3 g6 6. Ne5 Bg7 7. Nxc4 Be6 8. Ne5 Nbd7 9. Nf3 O-O 10. Bg2 Qb6 11. O-O Rad8 12. Qc2 Bf5 13. e4 Bg4 14.
Be3 Qa6 15. Rfd1 e5 16. dxe5 Bxf3 17. Bxf3 Nxe5 18. Be2 Qa5 19. Rxd8 Rxd8 20. Rd1 Nfg4 21. Rxd8+ Qxd8 22. Bxa7 b6 23. Qd1 Qc7 24. Bxg4 Qxa7 25. Qd8+ Bf8 26. Be2 b5 27. a3 Kg7 28. Kg2 Be7 29.
Qd2 b4 30. axb4 Bxb4 31. f4 Nd7 32. e5 Nf8 33. Bc4 Qc5 34. Qd3 Bxc3 35. Qxc3 Qe7 36. e6+ f6 37. Qe3 c5 38. g4 Nd7 39. Qb3 Nf8 40. f5 Kh6 41. Qe3+ Kg7 42. Qd3 Kh6 43. Qd2+ Kg7 44. b3 Kg8 45. Qd8 Qb7+ 46. Bd5 Qb4 47. e7+ 1-0

[Event "*** Titled Tuesday 3|2 Blitz"]
[Site "Chess.com"]
[Date "2016.09.06"]
[Round "4"]
[White "MattyDPerrine"]
[Black "fidetrainerNET"]
[Result "1-0"]
[WhiteElo "2202"]
[BlackElo "2166"]
[TimeControl "180+2"]
[EndTime "17:47:04 PDT"]
[Termination "MattyDPerrine won by checkmate"]

1. d4 Nf6 2. c4 c5 3. Nf3 e6 4.
Nc3 cxd4 5. Nxd4 Nc6 6. Ndb5 d5 7. cxd5 exd5 8. Bf4 d4 9. Nc7+ Kd7 10. Nxa8 Bb4 11.
e3 Nd5 12. Rc1 Nxf4 13. exf4 Ke7 14. a3 dxc3 15. Qxd8+ Rxd8 16. axb4 cxb2 17. Rb1 Bf5 18. Rxb2 Rxa8 19. Be2 Nd4 20. O-O Nxe2+ 21. Rxe2+ Kf6 22. Rc1 Rd8 23. f3 Rd4 24. g4 Be6 25. Re4 Rd3 26.
Kf2 Bd5 27. Re3 Rd4 28. b5 Rxf4 29. Ra3 g5 30. Rcc3 a6 31. bxa6 bxa6 32. Rxa6+ Be6 33. Kg3 Rb4 34. Rc5 h6 35. h4 gxh4+ 36. Kxh4 Rb1 37. Kg3 Rh1 38. Raa5 Rg1+ 39. Kf4 Rf1 40. Rh5 Kg6 41.
Ra8 f6 42. Rh8 Bc4 43. R5xh6+ Kg7 44. R8h7+ Kg8 45. Re7 f5 46. gxf5 Ra1 47. f6 Ra6 48.
Rg7+ Kf8 49. Rh8+ Bg8 50. Rhxg8# 1-0

[Event "*** Titled Tuesday 3|2 Blitz"]
[Site "Chess.com"]
[Date "2016.09.06"]
[Round "4"]
[White "Newlight1"]
[Black "ruifeng"]
[Result "1-0"]
[WhiteElo "2512"]
[BlackElo "2345"]
[TimeControl "180+2"]
[EndTime "17:47:07 PDT"]
[Termination "Newlight1 won by resignation"]

1. d4 g6 2. e4 Bg7 3. Nc3 a6 4. Nf3 d6 5. Be2 Nd7 6. O-O c5 7. d5 Ngf6 8. a4 b6 9. h3 O-O 10. Be3 Qc7 11. Qd2 Bb7 12. Rfd1 Rad8 13. Bh6 Ne5 14.
Nxe5 dxe5 15. Qe3 Ne8 16. Bxg7 Kxg7 17. h4 h5 18. g3 Nf6 19. b3 Bc8 20. f3 Rd6 21. Kg2 Rfd8 22. f4 Ng4 23. Bxg4 Bxg4 24. fxe5 R6d7 25. d6 exd6 26. Nd5 Qc6 27. Rd2 dxe5 28. c4 Be6 29. Rf1 Bxd5 30. cxd5 Qd6 31. g4 hxg4 32. Qg5 Qe7 33. Qxg4 Rh8 34. Rdf2 Qd8 35.
Rf6 Rb7 36. Qg5 Qe8 37. Kg3 Rh5 38. Qg4 Qd8 39. Rc6 b5 40. Rff6 Qxf6 41. Rxf6 Kxf6 42. Qc8 Re7 43. d6 Ra7 44. d7 Rxd7 45. Qxd7 c4 46.
bxc4 bxc4 47. Qc6+ Kg7 48. Qxc4 Rh6 49. Qc5 g5 50.
Qxe5+ Kg8 51. hxg5 Re6 52. Qf5 Kg7 53. Kf4 Rb6 54. Qc5 Re6 55. Kf5 Rg6 56. Qc7 Kg8 57.
e5 Kg7 58. a5 Re6 59. Qb6 Rg6 60. Qf6+ Kf8 61. Qxg6 fxg6+ 62. Kxg6 1-0

[Event "*** Titled Tuesday 3|2 Blitz"]
[Site "Chess.com"]
[Date "2016.09.06"]
[Round "4"]
[White "yurisolo"]
[Black "matein28"]
[Result "1-0"]
[WhiteElo "2489"]
[BlackElo "2335"]
[TimeControl "180+2"]
[EndTime "17:47:09 PDT"]
[Termination "yurisolo won by checkmate"]

1. e4 d5 2. exd5 Qxd5 3. Nc3 Qa5 4. d4 c6 5. Bd2 Nf6 6. Nf3 Bf5 7. Bc4 e6 8. Nd5 Qd8 9. Nxf6+ Qxf6 10. Qe2 Bg4 11. Be3 Nd7 12. O-O-O Bd6 13. h3 Bxf3 14. gxf3 O-O-O 15. Bb3 Bf4 16. Kb1 Rhe8 17. Qd2 Bxe3 18. fxe3 e5 19. Qf2 exd4 20. Rxd4 Ne5 21. Rxd8+ Rxd8 22. f4 Ng6 23. a3 Qf5 24. h4 Ne5 25. Rg1 Ng4 26.
Qf3 h5 27. e4 Qc5 28. Re1 Rd2 29. e5 Kc7 30. Qe4 g6 31. Bxf7 Nf2 32. Qc4 Qe7 33. Bxg6 Qxh4 34. Rc1 Qe7 35. Qc3 Rd8 36. Bxh5 Rf8 37.
Qe3 Qh4 38. e6 Qxh5 39. Qxf2 Qf5 40. Re1 Re8 41. Qe3 Kd6 42. Qxa7 Rxe6 43. Qb8+ Kc5 44. Rxe6 Qxe6 45. Qxb7 Qe1+ 46. Ka2 Qf1 47. Qb4+ Kd5 48. a4 c5 49. Qd2+ Kc6 50. b3 Kb7 51. Qe3 Kc6 52. Qe4+ Kb6 53. f5 Qf2 54. Kb2 Qg3 55. f6 Qg5 56. Qe6+ Ka5 57. f7 Qg7+ 58. Ka2 Qc3 59. Qc4 Qf6 60. Qb5# 1-0

[Event "*** Titled Tuesday 3|2 Blitz"]
[Site "Chess.com"]
[Date "2016.09.06"]
[Round "4"]
[White "pKiLz5Rn9b"]
[Black "Yaacovn"]
[Result "0-1"]
[WhiteElo "2463"]
[BlackElo "2624"]
[TimeControl "180+2"]
[EndTime "17:47:41 PDT"]
[Termination "Yaacovn won by resignation"]

1. e4 c6 2. d4 d5 3. Nc3 dxe4 4. Nxe4 Nf6 5. Nxf6+ gxf6 6. Nf3 Bg4 7. Be2 e6 8.
Be3 Nd7 9. O-O Nb6 10. Nh4 f5 11. Nf3 Bd6 12. Ne5 Bxe5 13. dxe5 Qxd1 14. Bxd1 Bxd1 15. Rfxd1 Rg8 16. b3 Nd5 17. Bd2 O-O-O 18. c4 Ne7 19. Kf1 c5 20. Be3 b6 21. f4 Nc6 22. g3 Nb4 23.
Rd2 h5 24. a3 Nc6 25. Rad1 Na5 26. Rb1 Nc6 27. Ke2 Rxd2+ 28. Kxd2 h4 29. Bf2 h3 30. Kc3 Rd8 31. b4 cxb4+ 32. axb4 Ne7 33. b5 Kb7 34. Rg1 Rg8 35. Rd1 Kc7 36. Ra1 Ra8 37.
Rg1 Ng6 38. Kb4 Kb7 39. Ra1 Rd8 40. Kc3 Ne7 41. Rg1 Ng6 42. Ra1 Rd7 43. c5 bxc5 44.
Bxc5 Kb8 45. Rg1 Rd5 46. Bd6+ Kb7 47. Kc4 Rd2 48. Ra1 Rxh2 49. Bc5 Rc2+ 50. Kd4 h2 51.
Rxa7+ Kb8 52. Ra1 Rg2 53. Rh1 Kb7 54. Kc4 Rc2+ 55. Kb4 Rg2 56. Kc4 Rxg3 57. Rxh2 Rg4 58. Bd6 Rxf4+ 59. Kc5 Re4 60. Rh7 Nxe5 61. Bxe5 Rxe5+ 62. Kc4 Kb6 63. Rxf7 Re4+ 64. Kd3 Kxb5 0-1

[Event "*** Titled Tuesday 3|2 Blitz"]
[Site "Chess.com"]
[Date "2016.09.06"]
[Round "4"]
[White "cheese111"]
[Black "ItalianMachine"]
[Result "1-0"]
[WhiteElo "2263"]
[BlackElo "2321"]
[TimeControl "180+2"]
[EndTime "17:47:42 PDT"]
[Termination "cheese111 won by resignation"]

1. e4 g6 2. d4 Bg7 3. Nf3 d6 4. Bc4 c5 5. dxc5 Qa5+ 6. c3 Qxc5 7. Qb3 e6 8. Be3 Qc7 9. O-O Ne7 10. Nbd2 O-O 11.
Bf4 Nbc6 12. Qa3 Rd8 13. Rad1 Ne5 14. Nxe5 dxe5 15. Be3 Nc6 16. Rfe1 b6 17. Ba6 Bd7 18. Bf1 Bf8 19. Qb3 Na5 20. Qc2 Bc6 21. Bg5 Rd7 22.
Nc4 Nxc4 23. Bxc4 Rc8 24. Ba6 Rb8 25. Bf1 h6 26. Rxd7 Bxd7 27. Be3 Rd8 28. Rd1 Bc6 29. f3 Kh7 30. Rxd8 Qxd8 31. Qd2 Qc7 32. g3 b5 33. Qf2 a5 34. b3 a4 35. Bc5 Bg7 36. Qd2 f5 37. Qd6 Qc8 38. Bd3 axb3 39. axb3 Qb7 40.
Qxe6 fxe4 41. Bxe4 Bxe4 42. fxe4 Qxe4 43. Qf7 Qe1+ 44.
Kg2 Qe2+ 45. Kh3 Qh5+ 46. Kg2 e4 47. Bd4 Qe2+ 48. Qf2 Qd1 49. Bxg7 Kxg7 50. Qd4+ Qxd4 51. cxd4 Kf6 52. Kf2 Ke6 53. Ke3 Kd5 54. g4 h5 55.
gxh5 gxh5 56. b4 h4 57. h3 Kc4 58. Kxe4 Kxb4 59. d5 Kc3 60. d6 b4 61. d7 1-0

[Event "*** Titled Tuesday 3|2 Blitz"]
[Site "Chess.com"]
[Date "2016.09.06"]
[Round "4"]
[White "saraswathii"]
[Black "michaelq2d5"]
[Result "0-1"]
[WhiteElo "2117"]
[BlackElo "2498"]
[TimeControl "180+2"]
[EndTime "17:47:46 PDT"]
[Termination "michaelq2d5 won by resignation"]

1. e4 e5 2. d3 Nc6 3. Nf3 Nf6 4. g3 d6 5. Bg2 h6 6. O-O Be7 7. c3 O-O 8. Re1 Re8 9. Nbd2 Bf8 10. h3 a6 11. Nf1 d5 12. Qc2 Be6 13. exd5 Bxd5 14.
Ne3 Be6 15. Bd2 Qd7 16. Kh2 Rad8 17. Bf1 Bc5 18. b3 a5 19. Rad1 b6 20. Bc1 Bxe3 21.
Rxe3 Nd5 22. Re2 Bf5 23. Qb2 Bh7 24. a3 f6 25. d4 e4 26. Nd2 e3 27. fxe3 Nxe3 28.
Rde1 Nxf1+ 29. Nxf1 Bd3 30. Rxe8+ Rxe8 31. Ne3 Bf5 32.
h4 h5 33. Qf2 Bg6 34. Ng2 Rxe1 35. Qxe1 Ne7 36. Nf4 Bf7 37. c4 Nf5 38. d5 c6 39.
Qd1 cxd5 40. cxd5 Qd6 41. Qd3 Ne7 42. Qf3 Nxd5 43. Nxh5 Qc5 44. Bf4 Qc2+ 45. Kg1 Qc5+ 46. Kh2 Bxh5 47. Qxh5 Qf2+ 48. Kh1 Nxf4 49. gxf4 Qf1+ 50.
Kh2 Qxf4+ 51. Kg2 Qe4+ 52. Kh2 Qc2+ 53. Kh1 Qc1+ 54. Kh2 Qf4+ 55. Kh1 Qe4+ 56. Kh2 Qe5+ 57. Qxe5 fxe5 58. Kg2 Kf7 59. Kf3 Ke6 60. Ke4 g6 61. a4 Kd6 62. Ke3 Kd5 63. Kd3 e4+ 64. Ke3 Ke5 65. Ke2 Kd4 66. Kd2 e3+ 67. Ke2 Ke4 0-1

[Event "*** Titled Tuesday 3|2 Blitz"]
[Site "Chess.com"]
[Date "2016.09.06"]
[Round "4"]
[White "Evgeny_Levin"]
[Black "psv98"]
[Result "1/2-1/2"]
[WhiteElo "2651"]
[BlackElo "2543"]
[TimeControl "180+2"]
[EndTime "17:48:02 PDT"]
[Termination "Game drawn by agreement"]

1. d4 Nf6 2. c4 e6 3. Nc3 Bb4 4. e3 d5 5. Nf3 O-O 6. Bd3 c5 7. O-O dxc4 8. Bxc4 Nbd7 9. Qe2 b6 10.
Rd1 Bb7 11. dxc5 Bxc3 12. bxc3 bxc5 13. Ne5 Qc7 14. Nxd7 Nxd7 15. e4 Nb6 16. f3 Bc6 17.
Be3 Ba4 18. Rd2 Rad8 19. Ba6 h6 20. Rb1 Rxd2 21. Qxd2 Rd8 22. Qf2 Qc6 23. Bf1 Rc8 24. Qg3 Kf8 25. Rb2 Rd8 26. Qf2 Rd1 27. Rd2 Rxd2 28. Qxd2 Ke7 29. c4 Nd7 30. Qa5 a6 31. Qc3 e5 32. Be2 Qb6 33. Qa3 Bc6 34. Kf2 f6 35. h3 Kd6 36. Qd3+ Ke7 37. Qa3 Kd6 38. Kg1 Ke7 39. h4 Kd6 40. Kf2 Ke7 41. Qb3 Qxb3 42. axb3 Kd6 43. g3 Nb8 44. Bd3 Bd7 45. Bc2 Nc6 46. Bd1 Nd4 47. Ke1 Be8 48. Kf2 Bd7 49. Ke1 Bc6 50. Kd2 Bd7 51. g4 Bc6 52. Kc3 g5 53. h5 a5 54. Kb2 Kc7 55. Bd2 Kb6 56. Bc3 Bd7 57. Bd2 Nc6 58. Bc3 Nb4 59. Be2 Bc6 60.
Bd2 Bd7 61. Bc3 Nc6 62. Bd1 Nd4 63. Bd2 Bc6 64. Bc3 Be8 65. Bd2 Nc6 66. Bc3 Nb4 67. Be2 Nc6 68. Bd1 Nd4 1/2-1/2

[Event "*** Titled Tuesday 3|2 Blitz"]
[Site "Chess.com"]
[Date "2016.09.06"]
[Round "4"]
[White "WinnieTPooh"]
[Black "DavidForthoffer"]
[Result "1/2-1/2"]
[WhiteElo "1853"]
[BlackElo "2059"]
[TimeControl "180+2"]
[EndTime "17:48:10 PDT"]
[Termination "Game drawn by repetition"]

1. d4 c6 2. c4 d5 3. Nf3 Nf6 4. Qc2 Bg4 5. Ne5 Bh5 6. g3 e6 7.
Bg2 Nbd7 8. Nxd7 Qxd7 9. O-O Bd6 10. Nd2 Bxe2 11. Re1 Bh5 12. b3 Bg6 13. Qc3 O-O 14. Bb2 Rfe8 15. Rad1 Rad8 16. Bh3 Qc7 17. f4 Bh5 18. Rc1 Bg4 19. Bg2 Qb8 20. b4 dxc4 21. Nxc4 a6 22. a3 Bc7 23. h3 Bf5 24. g4 Bg6 25. Ne5 Nd5 26. Qg3 Ne7 27. h4 f6 28.
h5 fxe5 29. hxg6 exf4 30. gxh7+ Kh8 31. Qh4 Nd5 32. Be4 Qc8 33. g5 g6 34. Bxg6 Re7 35.
Re2 Rg7 36. Qh6 Qd7 37. Rh2 f3 38. Rh3 Bf4 39. Rf1 Be3+ 40. Kh1 f2 41. Be4 Bxg5 42. Qh5 Qe7 43. Rxf2 Rf8 44. Rhh2 Be3 45. Rxf8+ Qxf8 46. Qe2 Qf4 47. Bg2 Qf6 48. Be4 Bxd4 49. Bxd4 Qxd4 50. Rg2 Qa1+ 51. Kh2 Qe5+ 52. Kh1 Nf4 53. Rxg7 Qxg7 54. Qf3 Qh6+ 55. Kg1 Nh3+ 56. Kg2 Nf4+ 57. Kg3 Qg5+ 58. Kf2 e5 59. Ke1 Qg1+ 60. Kd2 Qd4+ 61. Ke1 Qg1+ 62.
Kd2 Qd4+ 63. Ke1 Qg1+ 64. Kd2 Qd4+ 1/2-1/2

[Event "*** Titled Tuesday 3|2 Blitz"]
[Site "Chess.com"]
[Date "2016.09.06"]
[Round "4"]
[White "Lapitch"]
[Black "Alexander_Moskalenko"]
[Result "1/2-1/2"]
[WhiteElo "2584"]
[BlackElo "2653"]
[TimeControl "180+2"]
[EndTime "17:49:46 PDT"]
[Termination "Game drawn by agreement"]

1. Nf3 d5 2. c4 c6 3. g3 Nf6 4.
Bg2 Bg4 5. Ne5 Be6 6. cxd5 Bxd5 7. Nf3 c5 8. Nc3 Bc6 9. O-O e6 10. d3 Nbd7 11. e4 Be7 12. Qc2 Rc8 13. Qe2 O-O 14. d4 b6 15. Rd1 Re8 16. Bf4 Bb7 17. d5 exd5 18. exd5 a6 19. a4 c4 20. Qf1 Bb4 21.
Nh4 Ne5 22. Bxe5 Rxe5 23. Nf3 Re7 24. Rd4 Bc5 25. Rxc4 Rec7 26. Rh4 h6 27. Rd1 Qd6 28. Nd2 Rd8 29. Nde4 Nxe4 30. Nxe4 Qf8 31. Nxc5 Rxc5 32.
b4 Rc7 33. Rhd4 Qd6 34. Qd3 Rdc8 35. h4 Rc3 36. Qf5 g6 37. Qf4 Qxf4 38. Rxf4 Kg7 39. d6 Bxg2 40. Kxg2 Rd8 41. d7 Rc6 42. Re4 Kf8 43. Kf3 h5 44. Rd3 b5 45. a5 Rc7 46.
Rd6 Ra7 47. Ke3 Rdxd7 48. Red4 Rdc7 49. Rb6 Rc3+ 50. Kf4 Rb3 51. Re4 Kg7 52. f3 Rb2 53. g4 hxg4 54. fxg4 Rf2+ 55. Kg3 Rb2 56. h5 gxh5 57.
gxh5 Rb3+ 58. Kh4 Rb1 59. Rg4+ Kh7 60. Rf4 Rh1+ 61. Kg5 Rg1+ 62. Kf6 Rh1 63. Kg5 Rg1+ 64. Kf5 Rh1 65. Kg4 Rg1+ 66. Kh4 Rh1+ 67. Kg5 Rg1+ 68.
Rg4 Rh1 69. Rh4 Rg1+ 70. Rg4 Rh1 71. h6 Rf1 72. Rf4 Rg1+ 73. Rg4 Rf1 74. Rf4 Rg1+ 75. Rg4 Rh1 76. Rf4 Rg1+ 77. Rg4 Re1 78. Kf4 f6 79. Rg7+ Rxg7 80. hxg7 Kxg7 81. Rxa6 Rb1 82. Rb6 Rxb4+ 83. Kf5 Rb1 84. Rb7+ Kh6 85. Kxf6 b4 86. a6 Ra1 87. a7 b3 88. Rxb3 Ra6+ 89. Kf5 Rxa7 1/2-1/2

[Event "*** Titled Tuesday 3|2 Blitz"]
[Site "Chess.com"]
[Date "2016.09.06"]
[Round "5"]
[White "beastfromweast"]
[Black "BellJackson95"]
[Result "0-1"]
[WhiteElo "2287"]
[BlackElo "2157"]
[TimeControl "180+2"]
[EndTime "17:52:35 PDT"]
[Termination "BellJackson95 won by checkmate"]

1. d4 Nf6 2. Nf3 c5 3. d5 e6 4. c4 exd5 5. cxd5 d6 6. Nc3 g6 7. e4 Bg7 8. Bd3 O-O 9. h3 b5 10. Nxb5 Re8 11. Nc3 Nxe4 12. Bxe4 Bxc3+ 13. bxc3 Rxe4+ 14. Be3 Ba6 15. Nd2 Rxe3+ 16. fxe3 Qh4+ 17. g3 Qxg3# 0-1

[Event "*** Titled Tuesday 3|2 Blitz"]
[Site "Chess.com"]
[Date "2016.09.06"]
[Round "5"]
[White "NTBT_DHS"]
[Black "Ksenia_Legenko"]
[Result "0-1"]
[WhiteElo "2499"]
[BlackElo "2035"]
[TimeControl "180+2"]
[EndTime "17:54:02 PDT"]
[Termination "Ksenia_Legenko won by resignation"]

1. d4 d5 2. c4 dxc4 3. e3 Nf6 4. Bxc4 e6 5. Nf3 a6 6. O-O b5 7.
Be2 Bb7 8. a4 b4 9. a5 Be7 10.
Nbd2 O-O 11. Nc4 Nbd7 12. Bd2 c5 13. dxc5 Bxc5 14. Qb3 Bd5 15. Rfd1 Qe7 16. Rac1 Ne4 17. Be1 Nd6 18. Bxb4 Nxc4 19. Bxc4 Bxb4 20. Bxd5 exd5 21. Rxd5 Nf6 22. Re5 Qb7 23. Rc4 Rab8 24. h3 Bd6 25. Qxb7 Rxb7 26. Rf5 Rxb2 27. Rc6 Rb1+ 0-1

[Event "*** Titled Tuesday 3|2 Blitz"]
[Site "Chess.com"]
[Date "2016.09.06"]
[Round "5"]
[White "putinwarrior"]
[Black "goingin33"]
[Result "1-0"]
[WhiteElo "2364"]
[BlackElo "2184"]
[TimeControl "180+2"]
[EndTime "17:54:23 PDT"]
[Termination "putinwarrior won by checkmate"]

1. e4 e6 2. d4 d5 3. Nc3 Bb4 4.
Ne2 dxe4 5. a3 Be7 6. g4 c5 7. Nxe4 cxd4 8. Qxd4 Qxd4 9. Nxd4 Bd7 10. Bf4 a6 11.
Bg2 Nc6 12. Nxc6 Bxc6 13. O-O-O Rc8 14. Rd2 Nf6 15. Nxf6+ Bxf6 16. Bxc6+ Rxc6 17. g5 Be7 18. Rhd1 O-O 19. Rd7 Bc5 20. Rxb7 Bxf2 21. Rdd7 Rc4 22. Bd6 Be3+ 23. Kb1 Rfc8 24. Rxf7 Bd4 25. c3 Bxc3 26. bxc3 Rxc3 27. Rxg7+ Kh8 28. Rxh7+ Kg8 29. Rbg7# 1-0

[Event "*** Titled Tuesday 3|2 Blitz"]
[Site "Chess.com"]
[Date "2016.09.06"]
[Round "5"]
[White "DavidForthoffer"]
[Black "FearlessKing64"]
[Result "0-1"]
[WhiteElo "2056"]
[BlackElo "2311"]
[TimeControl "180+2"]
[EndTime "17:54:54 PDT"]
[Termination "FearlessKing64 won by resignation"]

1. d4 Nf6 2. c4 g6 3. Nc3 d5 4. Nf3 Bg7 5. e3 O-O 6. Bd2 c5 7. dxc5 dxc4 8. Bxc4 Qc7 9. b4 Nc6 10. a3 a5 11. Rb1 axb4 12. axb4 Bf5 13. Rb2 Rad8 14.
Qe2 Ne4 15. Nxe4 Bxb2 16. Ng3 Bg4 17. O-O Ne5 18. h3 Bxf3 19. gxf3 Rxd2 0-1

[Event "*** Titled Tuesday 3|2 Blitz"]
[Site "Chess.com"]
[Date "2016.09.06"]
[Round "5"]
[White "lionheart95"]
[Black "bilelou"]
[Result "0-1"]
[WhiteElo "2426"]
[BlackElo "2291"]
[TimeControl "180+2"]
[EndTime "17:55:39 PDT"]
[Termination "bilelou won by resignation"]

1. e4 c5 2. Nf3 d6 3. d4 cxd4 4. Nxd4 Nf6 5. Nc3 a6 6. h3 e6 7.
g4 Be7 8. Bg2 Nfd7 9. Be3 Nc6 10. Nce2 Nde5 11. b3 g5 12. O-O Ng6 13. c4 Bd7 14. Qd2 Nce5 15. Ng3 Nh4 16. Bh1 h6 17. Kh2 Neg6 18. Nh5 Bf6 19. Rad1 Be5+ 20. Kg1 Qc7 21. Ne2 d5 22. f4 gxf4 23. Bd4 dxe4 24. Bxe4 f3 25. Bxe5 Nxe5 26. Nd4 O-O-O 27. Qh2 f5 28. gxf5 exf5 29. Bxf3 Rhg8+ 30. Kh1 Nhxf3 31. Nxf3 Bc6 32. Rxd8+ Rxd8 0-1

[Event "*** Titled Tuesday 3|2 Blitz"]
[Site "Chess.com"]
[Date "2016.09.06"]
[Round "5"]
[White "CraiggoryC"]
[Black "TrickyTrapChess"]
[Result "0-1"]
[WhiteElo "2024"]
[BlackElo "2136"]
[TimeControl "180+2"]
[EndTime "17:56:31 PDT"]
[Termination "TrickyTrapChess won by resignation"]

1. e4 e6 2. d4 d5 3. Nd2 Nf6 4. e5 Nfd7 5. Bd3 c5 6. c3 Nc6 7. Ngf3 Be7 8. O-O b6 9. Re1 g5 10. Nf1 Bb7 11. h3 h5 12. Be3 g4 13. hxg4 hxg4 14.
N3h2 Qc7 15. Qxg4 O-O-O 16. a3 Rdg8 17. Qe2 Ncxe5 18. Ba6 Ng6 19. b4 c4 20. Bxb7+ Kxb7 21. a4 Bd6 22. g3 f5 23. a5 f4 24. axb6 axb6 25. Bd2 fxg3 26. fxg3 Bxg3 27. Qxe6 Bxh2+ 28. Kg2 Nf4+ 0-1